 Dungeon Crawl Stone Soup version 0.25.0-46-gbd7b0854d2 (webtiles) character file.

Game seed: 16182713652761597651

88 Descartes the Shield-Bearer (level 4, -1/35 HPs)
             Began as a Formicid Fighter on July 14, 2020.
             Slain by a river rat (5 damage)
             ... on level 3 of the Dungeon.
             The game lasted 00:03:11 (2043 turns).

Descartes the Shield-Bearer (Formicid Fighter)      Turns: 2043, Time: 00:03:12

Health: -1/35      AC:  6    Str: 21    XL:     4   Next: 82%
Magic:  4/4        EV:  8    Int:  8    God:
Gold:   96         SH: 10    Dex: 10    Spells: 3/3 levels left

rFire    . . .     SeeInvis +   a - +0 long sword
rCold    . . .     Gourm    .   c - +0 kite shield
rNeg     . . .     Faith    .   b - +0 scale mail
rPois    .         Spirit   .   (helmet unavailable)
rElec    .         Reflect  .   (no cloak)
rCorr    .         Harm     .   (no gloves)
MR       .....                  (no boots)
Stlth    ..........             (no amulet)
HPRegen  0.11/turn              (no ring)
MPRegen  0.09/turn              (no ring)

@: very slow
A: permanent stasis, dig shafts and tunnels, four strong arms, antennae 3
a: Dig, Shaft Self


You were on level 3 of the Dungeon.
You were not hungry.

You visited 1 branch of the dungeon, and saw 3 of its levels.

You collected 96 gold pieces.

Inventory:

Hand Weapons
 a - a +0 long sword (weapon)
Missiles
 e - 81 stones (quivered)
 j - 32 arrows
 k - 43 bolts
Armour
 b - a +0 scale mail (worn)
 c - a +0 kite shield (worn)
Scrolls
 i - a scroll of blinking {unknown}
 m - a scroll of teleportation
Potions
 d - a potion of might
 h - 3 potions of brilliance
Comestibles
 f - 4 rations
 g - a chunk of flesh


   Skills:
 - Level 3.2 Fighting
 - Level 2.0 Long Blades
 - Level 3.2 Armour
 + Level 6.2 Shields


You had 3 spell levels left.
You didn't know any spells.
Your spell library was empty.

Dungeon Overview and Level Annotations

Branches:
Dungeon (3/15)

Altars:
Nemelex Xobeh


Innate Abilities, Weirdness & Mutations

You cannot be hasted, slowed, berserked, paralysed or teleported.
You can dig through walls and to a lower floor.
Your four strong arms can wield two-handed weapons with a shield.
You have a pair of large antennae on your head. (SInv)


Message History

The river rat closely misses you.
Your unstable footing causes you to fumble your attack.
The river rat bites you!
You barely miss the river rat. The river rat bites you.
* * * LOW HITPOINT WARNING * * *
Your unstable footing causes you to fumble your attack.
You block the river rat's attack. x2
Your unstable footing causes you to fumble your attack.
The river rat bites you but does no damage.
Your unstable footing causes you to fumble your attack.
You block the river rat's attack. x2
Your unstable footing causes you to fumble your attack.
The worm bites you but does no damage. The river rat barely misses you.
You barely miss the river rat. The river rat bites you.
* * * LOW HITPOINT WARNING * * *
The worm bites you.
* * * LOW HITPOINT WARNING * * *
Your unstable footing causes you to fumble your attack.
The river rat bites you.
You die...

...........................
#.#.#####.######.#.##.######
... ..#...# #.#.##†## #.#
#.#.### #.#.##..# #.#.#.#.#
########...# #.#.#.#.# {
≈≈#≈≈≈#...# #.#.....####
#≈#≈#≈#≈..#
###.###.#.#≈≈≈≈#r#≈#≈#≈..#
........#.# #≈w@≈≈#≈≈≈≈.#
###.#####.# #####≈#≈#≈..#
#.# #.# ≈≈#≈≈≈..#####
#.#####.# ###≈#.........
........# { {#≈≈≈...#####
#.#####.# #≈≈....# #.# #.#
#......# ### ### ########


You could see a worm and a river rat.

Vanquished Creatures
  An adder (D:2)
  A river rat (D:3)
  4 worms
  A dart slug (D:1)
  2 leopard geckos
  An orc (D:3)
  2 ball pythons (D:1)
  5 bats
  6 goblins
  4 hobgoblins
  7 jackals
  8 kobolds
  2 frilled lizards
  6 rats
50 creatures vanquished.

Notes
Turn   | Place    | Note
-------+----------+-------------------------------------------
     0 | D:1      | Descartes the Formicid Fighter began the quest for the Orb.
     0 | D:1      | Reached XP level 1. HP: 18/18 MP: 1/1
    35 | D:1      | Reached skill level 4 in Shields
   145 | D:1      | Reached XP level 2. HP: 24/24 MP: 2/2
   452 | D:1      | Reached XP level 3. HP: 29/29 MP: 3/3
   519 | D:1      | Reached skill level 5 in Shields
   922 | D:2      | Reached XP level 4. HP: 35/35 MP: 4/4
  1531 | D:2      | Found a sparkling altar of Nemelex Xobeh.
  1568 | D:2      | Reached skill level 6 in Shields
  2043 | D:3      | Slain by a river rat

Illustrated notes

Levels and vault maps discovered:
D:1:      minmay_arrival_cross, layout_rooms, serial_forest,
          infiniplex_forest_end_2, infiniplex_forest_lined_3,
          infiniplex_forest_straight_5, infiniplex_forest_side_room,
          infiniplex_forest_clump_double, infiniplex_forest_clump_small,
          infiniplex_forest_lined_room_, minmay_misc_feat_rows, minivault_4,
          st_stairs_12
D:2:      layout_rooms, nemelex_altar_shiori, first_ration,
          hangedman_abyss_or_decor_stabs, st_stairs_3, serial_park_tiny_2
D:3:      layout_basic, lightli_sewer_entry_pipes,
          chequers_ecumenical_altar_island

Skill      XL: |  1  2  3  4 |
---------------+-------------+-----
Shields        | 4 5 6 |  6.2
Fighting       | |  3.2
Long Blades    | |  2.0
Armour         | |  3.2

Action                   |  1- 3 |  4- 6 || total
-------------------------+-------+-------++-------
Melee: Long sword        |    89 |    77 ||   166
  Use: Scroll            |       |     4 ||     4
  Eat: Chunk             |       |     4 ||     4
Armor: Scale mail        |    52 |    18 ||    70
Dodge: Dodged            |    31 |    25 ||    56
Block: Kite shield       |    60 |    42 ||   102
       Rpst.: Long sword |    11 |     8 ||    19
